Map: Lerilak Crest

Players

xKawaiian - Winner!

  • Race: Terran Terran
  • League: Master

Fitzyhere

  • Race: Zerg Zerg
  • League: Master

VOD

Have the link to the VOD?

Description

Time

  • Played on: Jan. 10, 2016, 4:57 p.m.
  • Length: 9:21
Show
View Real Time Build Order
Export as new Build Order

xKawaiian Terran - Winner!

Build Orders: Reaper Expand, MMM Bio 

Get SALT Encoding   

  12  0:01  SCV  
  13  0:13  SCV  
  14  0:17  Supply Depot  
  14  0:25  SCV  
  15  0:39  SCV  
  15  0:40  Barracks  
  16  0:44  Refinery  
  16  0:51  SCV  
  17  1:03  SCV  
  18  1:15  SCV  
  19  1:30  Orbital Command  
  19  1:31  Reaper  
  20  1:41  Command Center  
  20  1:52  Supply Depot  
  20  1:56  SCV  
  21  2:03  Barracks Reactor  
  21  2:08  SCV  
  21  2:10  Barracks  
  22  2:20  SCV, Barracks  
  23  2:32  SCV  
  24  2:41  Marine x2  
  26  2:44  SCV  
  27  2:55  Orbital Command  
  27  2:57  SCV  
  28  2:58  Marine  
  28  2:59  Barracks Tech Lab, Marine  
  30  3:08  Factory, Refinery  
  30  3:09  SCV  
  30  3:10  Marine  
  32  3:16  Marine  
  32  3:19  Marine  
  33  3:21  SCV, Stimpack  
  33  3:22  SCV  
  33  3:26  Marine  
  37  3:33  SCV, Marine  
  39  3:34  SCV  
  39  3:40  Marine  
  39  3:41  Supply Depot, Marine  
  42  3:45  SCV  
  42  3:46  SCV  
  44  3:48  Marine  
  44  3:52  Factory Reactor  
  45  3:55  Starport  
  45  3:57  SCV  
  46  4:02  Marine x2  
  46  4:03  SCV  
  46  4:05  Supply Depot  
  49  4:12  SCV  
  49  4:16  Marine x2  
  52  4:18  Supply Depot  
  52  4:19  Supply Depot  
  52  4:20  Marine  
  52  4:24  SCV  
  54  4:27  Marine  
  55  4:31  SCV  
  55  4:35  Marine x2  
  55  4:36  SCV  
  61  4:43  SCV, Medivac x2  
  64  4:48  SCV  
  64  4:50  Marine x2  
  64  4:51  Supply Depot  
  67  4:55  SCV  
  67  4:58  Marine x2  
  70  5:00  SCV  
  70  5:03  Supply Depot, Refinery  
  71  5:07  Factory Tech Lab, Marine  
  71  5:08  SCV, Refinery  
  71  5:12  Medivac  
  75  5:22  Command Center, Barracks Tech Lab  
  75  5:25  Supply Depot, SCV  
  76  5:29  Marine x3  
  76  5:33  Combat Shields  
  79  5:45  Marine  
  79  5:46  Siege Tank, Marine  
  79  5:47  Marine x2  
  85  5:58  Barracks x2  
  85  6:03  Marine  
  83  6:06  SCV  
  83  6:08  SCV  
  83  6:09  Medivac x2  
  89  6:17  Engineering Bay  
  92  6:18  Siege Tank  
  92  6:19  Engineering Bay  
  92  6:21  Marine  
  92  6:23  SCV  
  92  6:24  SCV  
  95  6:27  Marauder, Marine  
  95  6:28  Concussive Shells  
  98  6:35  SCV  
  98  6:36  SCV  
  98  6:37  Orbital Command  
  98  6:39  Marine  
  100  6:40  Marine  
  100  6:45  Medivac  
  100  6:46  Medivac  
  106  6:47  Barracks Tech Lab  
  106  6:48  SCV  
  106  6:50  Terran Infantry Weapons Level 1  
  97  6:55  Marauder, Orbital Command, Marine  
  97  6:57  Terran Infantry Armor Level 1  
  97  7:01  Marauder  
  101  7:03  Marine  
  101  7:06  Marauder  
  104  7:12  Marine  
  105  7:16  SCV, Marine  
  105  7:21  SCV, Marine  
  105  7:22  SCV, Marauder  
  112  7:27  Marine  
  113  7:30  Marine  
  113  7:32  Supply Depot  
  113  7:34  Marauder  
  116  7:39  Marine  
  116  7:41  Supply Depot  
  116  7:43  Supply Depot  
  117  7:50  Supply Depot x2  
  117  7:53  Armory, SCV, Medivac x2  
  117  7:54  SCV, Marauder  
  125  8:03  SCV, Marauder, Marine x2  
  130  8:16  Marauder, Marine  
  133  8:26  Marauder, Marine x2  
  137  8:32  Barracks x2  
  141  8:34  SCV x2, Marauder  
  141  8:37  Barracks Tech Lab, Marine  
  141  8:38  SCV  
  143  8:42  Siege Tank  
  143  8:44  Marine x2  
  143  8:46  Command Center, SCV x2  
  143  8:48  Marauder  
  152  8:50  SCV  
  152  8:55  Marauder, Marine  
  148  8:58  SCV  
  148  9:01  Marine  
Show
View Real Time Build Order
Export as new Build Order

Fitzyhere Zerg 

Build Orders: Hatch First 

Get SALT Encoding   

  12  0:01  Drone  
  13  0:14  Overlord  
  13  0:17  Drone  
  14  0:32  Drone x2  
  16  0:38  Drone  
  17  0:54  Hatchery  
  16  0:58  Drone  
  16  1:00  Drone  
  18  1:12  Spawning Pool  
  18  1:16  Drone  
  18  1:19  Drone  
  19  1:38  Hatchery  
  18  1:41  Drone  
  19  1:49  Drone  
  20  2:01  Extractor, Queen  
  20  2:02  Zergling x2  
  22  2:10  Queen  
  24  2:17  Drone  
  24  2:18  Drone  
  26  2:25  Overlord  
  26  2:26  Spine Crawler  
  26  2:29  Drone  
  26  2:41  Queen  
  28  2:44  Drone  
  28  2:49  Drone  
  28  2:50  Drone  
  31  3:03  Queen  
  33  3:07  Drone  
  33  3:08  Drone x2  
  36  3:13  Overlord  
  36  3:16  Drone  
  36  3:19  Drone x2  
  39  3:32  Drone x5  
  43  3:41  Drone x3  
  43  3:42  Drone  
  43  3:48  Queen  
  47  3:50  Drone  
  47  3:52  Overlord  
  50  4:09  Overlord  
  50  4:11  Drone x3  
  50  4:12  Drone x3  
  50  4:15  Roach Warren, Queen  
  57  4:23  Spore Crawler  
  55  4:28  Overlord  
  55  4:29  Drone x2  
  55  4:30  Overlord  
  58  4:37  Metabolic Boost  
  59  4:52  Drone  
  59  4:53  Drone x4, Queen x2  
  59  4:54  Queen  
  59  4:56  Extractor x2  
  59  4:58  Evolution Chamber  
  66  5:00  Spore Crawler  
  66  5:09  Overlord  
  66  5:24  Zerg Ground Armor Level 1  
  66  5:26  Drone  
  66  5:27  Drone x3  
  70  5:29  Overlord  
  70  5:33  Lair, Spore Crawler  
  70  5:34  Roach x6  
  81  5:35  Overlord  
  81  5:36  Overlord x2  
  74  5:56  Roach  
  84  5:57  Roach x5  
  84  6:10  Roach Warren  
  83  6:23  Zergling x18  
  92  6:36  Zergling x6  
  95  7:01  Drone  
  95  7:02  Drone x2  
  95  7:08  Queen x2  
  98  7:10  Infestation Pit  
  98  7:11  Extractor x2  
  98  7:31  Drone  
  98  7:32  Drone x4  
  103  7:46  Ravager x2  
  103  7:48  Overlord x5  
  105  7:53  Hive  
  96  8:08  Ravager x5  
  101  8:20  Ravager  
  101  8:21  Ravager  
  101  8:22  Zergling x8  
  101  8:23  Zergling x10  
  111  8:40  Roach x5  
  113  8:55  Zergling x2  
  113  8:56  Zergling x8  
Tags
 
Add a new tag
Caveats
  • Supply blocks, unpowered buildings, or Contaminate may cause inaccurate times.
  • Supply counts are checked every 10 seconds.